Map: 10000 Feet LE

Players

A.I. 1 (Elite)

  • Race: Terran Terran
  • Spawn Location: 11:00

A.I. 2 (Elite)

  • Race: Terran Terran
  • Spawn Location: 5:00

VOD

Have the link to the VOD?

Description

Time

  • Played on: March 2, 2026, 9:10 a.m.
  • Length: 11:21
Show
View Real Time Build Order
Export as new Build Order

A.I. 1 (Elite) Terran 

Build Orders:  

Get SALT Encoding   

  12  0:01  SCV  
  13  0:13  SCV  
  14  0:18  Supply Depot  
  14  0:25  SCV  
  15  0:29  Refinery  
  15  0:39  SCV  
  16  0:47  Barracks  
  16  0:51  SCV  
  17  1:04  SCV  
  18  1:16  SCV  
  19  1:35  Supply Depot  
  19  1:36  Orbital Command  
  19  1:37  Marine  
  20  1:41  Factory  
  20  1:47  Barracks  
  20  1:55  Marine  
  21  2:01  SCV  
  22  2:13  SCV  
  22  2:14  Barracks Tech Lab  
  23  2:21  Supply Depot  
  23  2:26  Hellion  
  25  2:32  Marauder  
  25  2:34  Concussive Shells  
  25  2:36  Barracks Tech Lab  
  27  2:45  SCV  
  27  2:47  Hellion  
  30  2:54  Marauder  
  30  2:55  Marauder  
  30  2:57  Supply Depot  
  34  3:09  Hellion  
  36  3:15  Marauder  
  36  3:18  Marauder  
  40  3:24  Supply Depot  
  40  3:30  Hellion  
  42  3:36  Marauder  
  42  3:39  SCV  
  42  3:40  Marauder  
  47  3:45  Refinery  
  47  3:52  Factory Tech Lab  
  47  3:57  Marine  
  47  4:01  Marine  
  49  4:03  Supply Depot  
  49  4:07  SCV  
  46  4:12  Stimpack  
  46  4:15  Marine  
  47  4:19  Marauder  
  47  4:20  SCV  
  50  4:32  SCV  
  50  4:33  Marine  
  52  4:40  Marine  
  52  4:41  Engineering Bay  
  53  4:46  Engineering Bay  
  53  4:51  Marine  
  54  4:54  Command Center  
  54  5:02  Marine  
  55  5:07  Terran Infantry Weapons Level 1  
  55  5:08  Marine  
  56  5:16  Supply Depot  
  56  5:19  Terran Infantry Armor Level 1  
  56  5:20  Marine  
  57  5:26  Marine  
  57  5:27  Combat Shield  
  58  5:37  Barracks  
  58  5:38  Marine  
  59  5:44  Marine  
  60  5:55  Siege Tank  
  65  5:57  Marauder  
  65  6:02  Supply Depot  
  65  6:05  Marauder  
  65  6:08  SCV  
  68  6:12  SCV  
  69  6:20  SCV  
  69  6:24  SCV, Barracks Reactor  
  71  6:32  SCV  
  72  6:36  SCV  
  73  6:43  Siege Tank  
  73  6:44  SCV  
  77  6:48  SCV  
  77  6:52  Refinery  
  78  6:56  SCV, Missile Turret  
  78  6:59  Command Center  
  79  7:06  Orbital Command  
  79  7:12  SCV  
  79  7:15  Siege Tank  
  83  7:20  Supply Depot  
  83  7:24  SCV  
  84  7:35  Armory  
  84  7:36  SCV  
  85  7:42  SCV  
  86  7:47  Siege Tank  
  86  7:48  SCV  
  90  7:54  SCV  
  90  7:58  Supply Depot  
  91  8:00  SCV  
  92  8:06  SCV  
  92  8:11  SCV  
  94  8:12  SCV  
  94  8:18  SCV  
  96  8:21  Armory  
  96  8:23  Terran Vehicle And Ship Armor Level 1, Terran Infantry Weapons Level 2  
  96  8:25  SCV x2  
  98  8:31  SCV  
  99  8:34  Missile Turret  
  99  8:37  SCV, Orbital Command  
  100  8:43  SCV  
  100  8:44  Missile Turret  
  101  8:49  SCV, Missile Turret  
  101  8:53  Marauder  
  101  8:55  SCV  
  103  8:58  Marauder  
  103  9:01  SCV  
  106  9:07  SCV x2  
  106  9:08  Barracks, Terran Vehicle Weapons Level 1  
  108  9:12  Starport  
  108  9:13  SCV  
  109  9:19  SCV  
  109  9:22  SCV, Supply Depot  
  111  9:24  Marine  
  111  9:25  SCV, Marine  
  114  9:31  SCV  
  114  9:35  Siege Tank  
  114  9:37  SCV  
  119  9:42  Marauder  
  119  9:45  Missile Turret  
  121  9:47  Supply Depot  
  121  9:49  Starport Reactor  
  121  9:57  Refinery, Marine  
  121  9:58  Marine x3, Refinery  
  116  10:03  Marine  
  90  10:07  Siege Tank  
  90  10:10  Refinery  
  90  10:15  Marine x2, Missile Turret  
  90  10:16  Marine x2  
  90  10:20  SCV  
  95  10:21  Marauder  
  95  10:22  SCV x2  
  95  10:25  Medivac  
  101  10:28  Medivac  
  101  10:32  SCV  
  101  10:33  Marine  
  101  10:34  SCV  
  101  10:35  Command Center  
  106  10:36  SCV  
  106  10:37  Marine  
  106  10:38  Marine  
  106  10:40  Widow Mine  
  108  10:43  Marauder, Marine  
  108  10:44  SCV  
  106  10:51  Marauder  
  106  10:55  Marine  
  110  11:00  Factory  
  104  11:16  Missile Turret  
Show
View Real Time Build Order
Export as new Build Order

A.I. 2 (Elite) Terran 

Build Orders:  

Get SALT Encoding   

  12  0:00  SCV  
  13  0:13  SCV  
  14  0:18  Supply Depot  
  14  0:25  SCV  
  15  0:39  SCV  
  16  0:43  Barracks  
  16  0:45  Refinery  
  16  0:51  SCV  
  17  1:02  Barracks  
  17  1:03  SCV  
  18  1:15  SCV  
  19  1:31  Orbital Command  
  19  1:32  Marine  
  20  1:37  Barracks  
  20  1:49  Marine  
  20  1:50  Marine  
  22  1:55  Supply Depot  
  22  1:57  SCV  
  23  2:07  Barracks Tech Lab  
  23  2:09  Barracks Tech Lab  
  23  2:17  SCV  
  23  2:24  Marine  
  23  2:26  Marine  
  23  2:27  Marine  
  23  2:28  Concussive Shells  
  23  2:29  SCV, Stimpack  
  27  2:35  Supply Depot  
  27  2:42  Marine  
  27  2:43  Marine  
  29  2:45  Marine, SCV  
  31  3:00  Marine  
  31  3:02  Marauder  
  31  3:03  Marauder  
  36  3:06  Supply Depot  
  36  3:18  Marine  
  36  3:19  Combat Shield  
  37  3:20  SCV  
  37  3:23  Marine  
  37  3:26  Supply Depot  
  39  3:28  Marine  
  40  3:35  Marine  
  40  3:37  SCV  
  44  3:41  Marauder  
  44  3:46  Marauder  
  46  3:49  Refinery  
  46  4:06  Marauder  
  46  4:07  Marauder  
  46  4:08  Marine  
  42  4:13  SCV  
  38  4:25  SCV, Marine  
  38  4:27  Marauder  
  38  4:28  Marine  
  43  4:33  Command Center  
  43  4:43  Marine  
  44  4:47  Marauder  
  44  4:48  Marine  
  47  4:55  Supply Depot  
  47  5:01  Marine  
  47  5:07  Marauder, Marine  
  50  5:09  Factory  
  51  5:19  Marine  
  52  5:24  Engineering Bay  
  52  5:26  Marauder  
  54  5:42  Engineering Bay, Barracks Reactor  
  54  5:44  Marine  
  54  5:47  SCV  
  54  5:49  Terran Infantry Weapons Level 1  
  56  5:50  SCV  
  57  5:58  Marine  
  57  5:59  SCV  
  57  6:03  SCV  
  60  6:08  Terran Infantry Armor Level 1  
  60  6:10  Marauder  
  62  6:11  SCV  
  62  6:15  SCV  
  64  6:23  SCV  
  65  6:27  SCV  
  65  6:35  SCV  
  65  6:36  Marine  
  65  6:37  Marauder  
  65  6:39  SCV  
  70  6:40  Starport  
  70  6:42  Supply Depot  
  70  6:43  Marine  
  71  6:48  SCV  
  72  6:55  Command Center  
  72  7:00  SCV  
  73  7:03  SCV  
  76  7:08  Marauder  
  76  7:12  SCV  
  76  7:14  Supply Depot  
  76  7:15  SCV  
  77  7:16  Medivac  
  79  7:23  Marauder  
  79  7:24  SCV  
  79  7:27  SCV  
  83  7:36  SCV  
  84  7:39  Supply Depot, SCV  
  85  7:45  Missile Turret  
  85  7:46  Medivac  
  85  7:49  SCV, Missile Turret  
  88  7:52  Orbital Command  
  88  7:55  Barracks  
  88  7:59  Marine  
  88  8:05  Supply Depot  
  89  8:08  SCV x2  
  91  8:16  Armory  
  91  8:17  Starport Reactor  
  91  8:20  SCV  
  91  8:22  SCV  
  91  8:24  SCV  
  94  8:32  SCV  
  95  8:34  SCV  
  95  8:36  SCV  
  95  8:38  Missile Turret  
  97  8:41  Marine  
  97  8:42  Marine  
  97  8:43  Missile Turret  
  97  8:44  Marine, SCV  
  97  8:46  SCV  
  100  8:48  SCV  
  100  8:53  Factory Tech Lab, Medivac  
  101  8:56  SCV  
  101  8:58  SCV  
  101  8:59  Liberator  
  101  9:01  SCV  
  107  9:05  Terran Infantry Weapons Level 2  
  107  9:06  Refinery  
  107  9:09  SCV  
  108  9:11  Siege Tank, Orbital Command, Supply Depot  
  111  9:18  Refinery  
  111  9:20  Refinery  
  111  9:23  Liberator  
  114  9:28  Refinery, SCV  
  114  9:29  SCV  
  116  9:36  Supply Depot  
  116  9:41  SCV  
  116  9:42  SCV x2  
  116  9:43  Siege Tank  
  119  9:53  SCV  
  119  9:54  SCV, Marauder  
  119  9:55  SCV  
  119  9:57  Marauder  
  120  10:01  Supply Depot  
  120  10:04  Marine x2  
  120  10:05  SCV  
  120  10:06  SCV  
  107  10:07  SCV  
  107  10:08  Marine  
  107  10:13  Liberator  
  90  10:15  Siege Tank, Marine  
  90  10:17  SCV  
  90  10:19  Marauder  
  90  10:21  Liberator  
  100  10:22  Marine x2  
  100  10:24  Missile Turret  
  100  10:26  Marine  
  100  10:33  Marine  
  94  10:37  SCV  
  94  10:40  Marine x2, SCV x2, Marauder  
  96  10:44  Marine  
  96  10:47  Siege Tank  
  96  10:49  SCV  
  100  10:51  Marauder  
  100  10:52  SCV  
  100  10:53  Factory, SCV  
  101  10:57  Marine  
  101  10:58  Marine  
  101  11:01  Marine  
  101  11:03  SCV  
  106  11:14  Command Center  
Tags
 
Matchup
TvT
Race
Terran
Spawn Locations
Cross Positions
Add a new tag
Caveats
  • Supply blocks, unpowered buildings, or Contaminate may cause inaccurate times.
  • Supply counts are checked every 10 seconds.